 Dungeon Crawl Stone Soup version 0.29.1-12-g30fa7ad0bf (webtiles) character file.

Game seed: 2088856398922171066

1817 4FPSwarrior the Trooper (level 8, -3/65 HPs)
             Began as a Demonspawn Hedge Wizard on Jan 9, 2023.
             Was an Initiate of Yredelemnul.
             Slain by Joseph
             ... wielding a +0 quarterstaff
              (11 damage)
             ... on level 7 of the Dungeon.
             The game lasted 00:36:12 (11427 turns).

4FPSwarrior the Trooper (Demonspawn Hedge Wizard)  Turns: 11427, Time: 00:36:13

Health: -3/65      AC:  8    Str: 12    XL:     8   Next: 85%
Magic:  13/14      EV: 12    Int: 15    God:    Yredelemnul [......]
Gold:   493        SH:  4    Dex: 14    Spells: 9/15 levels left

rFire   . . .      SeeInvis .   o - +0 long sword
rCold   + . .      Faith    .   (no shield)
rNeg    . . .      Spirit   .   b - +0 robe
rPois   .          Reflect  .   h - +2 helmet
rElec   .          Harm     .   (no cloak)
rCorr   .          Rampage  .   (no gloves)
Will    .....                   (no boots)
Stlth   ++........              i - amulet of the acrobat
HPRegen 0.20/turn               y - ring of protection from cold
MPRegen 0.14/turn               (no ring)

@: no status effects
A: hooves 2, yellow scales 2, condensation shield
a: Renounce Religion, Recall Undead Harvest


You were on level 7 of the Dungeon.
You worshipped Yredelemnul.
Yredelemnul was noncommittal.
You visited 2 branches of the dungeon, and saw 8 of its levels.

You collected 493 gold pieces.

Inventory:

Hand Weapons
 e - a +3 dagger
 o - a +0 long sword (weapon)
Missiles
 s - 2 throwing nets
Armour
 b - a +0 robe (worn)
 h - a +2 helmet (worn)
 k - a +0 ring mail
Jewellery
 i - an amulet of the acrobat (around neck)
 y - a ring of protection from cold (left hand)
Wands
 a - a wand of mindburst (3)
 q - a wand of iceblast (5)
Scrolls
 g - 2 scrolls of amnesia
 m - 5 scrolls of enchant weapon
 n - a scroll of poison {unknown}
 p - a scroll of acquirement {unknown}
 r - a scroll of fog {unknown}
 t - 3 scrolls of identify
 w - a scroll of immolation {unknown}
 x - a scroll of brand weapon {unknown}
Potions
 c - a potion of resistance {unknown}
 d - a potion of magic
 f - a potion of curing
 j - a potion of attraction
 l - a potion of might {unknown}
 u - a potion of haste {unknown}
 v - a potion of mutation {unknown}


   Skills:
 * Level 6.6 Fighting
 + Level 3.2 Long Blades
 - Level 1.7 Dodging
 - Level 1.8 Stealth
 - Level 4.2 Spellcasting
 - Level 5.0 Conjurations
 - Level 1.0 Summonings
 + Level 4.7 Necromancy
 - Level 0.9 Translocations
 + Level 4.6 Invocations


You had 9 spell levels left.
You knew the following spells:

 Your Spells              Type           Power      Damage    Failure   Level
a - Magic Dart            Conj           72%        1d6       2%          1
b - Sublimation of Blood  Necr           17%        N/A       3%          2
c - Mephitic Cloud        Conj/Pois/Air  8%         N/A       26%         3

Your spell library contained the following spells:

 Spells                   Type           Power      Damage    Failure   Level
 Call Imp                 Summ           6%         N/A       17%         2
 Slow                     Hex            12%        N/A       19%         1
 Blink                    Tloc           10%        N/A       19%         2
 Conjure Flame            Conj/Fire      10%        6-21      19%         3
 Wereblood                Tmut           3%         N/A       26%         2
 Malign Gateway           Summ/Tloc      3%         N/A       100%        7
 Summon Hydra             Summ           3%         N/A       100%        7
 Summon Horrible Things   Summ           3%         N/A       100%        8


Dungeon Overview and Level Annotations

Branches:
Dungeon (7/15)             Temple (1/1) D:5

Altars:
Ashenzari
Cheibriados
Fedhas
Gozag
Nemelex Xobeh
Qazlal
Ru
Sif Muna
Trog
Uskayaw
Vehumet
Wu Jian
Xom
Yredelemnul

Shops:
D:6 :

Annotations:
D:4 exclusion: ogre
D:6 1 runed translucent door, exclusion: downstairs, Crazy Yiuf
D:7 Joseph


Innate Abilities, Weirdness & Mutations

You have hoof-like feet.
You are mostly covered in yellow scales. (AC +3)
A meltable shield of frost defends you. (SH +4)


Message History

You feel better. The orc wizard barely misses you.
Your orc priest zombie closely misses the orc wizard.
Joseph hits you with a +0 quarterstaff!
Aiming: Mindburst
Press: ? - help, Shift-Dir - straight line, f/p - Joseph
Aim: Joseph, wielding a +0 quarterstaff and wearing a +0 ring mail (severely wounded, ally target, chance to affect: 47%) Joseph resists with some effort.
The orc wizard hits you but does no damage.
Joseph hits you with a +0 quarterstaff!
Your orc priest zombie hits the orc wizard.
Aiming: Mindburst
Press: ? - help, Shift-Dir - straight line, f/p - Joseph
Aim: Joseph, wielding a +0 quarterstaff and wearing a +0 ring mail (severely wounded, ally target, chance to affect: 47%) Joseph resists with some effort.
The orc wizard hits you with a +0 dagger.
* * * LOW HITPOINT WARNING * * *
Joseph hits you with a +0 quarterstaff!
* * * LOW HITPOINT WARNING * * *
Your orc priest zombie barely misses the orc wizard.
Aiming: Mindburst
Press: ? - help, Shift-Dir - straight line, f/p - Joseph
Aim: Joseph, wielding a +0 quarterstaff and wearing a +0 ring mail (severely wounded, ally target, chance to affect: 47%) Joseph resists with some effort.
The orc wizard misses you. Joseph hits you with a +0 quarterstaff.
* * * LOW HITPOINT WARNING * * *
You feel better. The orc wizard closely misses you.
Your orc priest zombie barely misses the orc wizard.
Joseph hits you with a +0 quarterstaff.
* * * LOW HITPOINT WARNING * * *
Okay, then.
Okay, then.
Aiming: Mindburst
Press: ? - help, Shift-Dir - straight line, f/p - Joseph
Aim: Joseph, wielding a +0 quarterstaff and wearing a +0 ring mail (severely wounded, ally target, chance to affect: 47%) Joseph resists with some effort.
The orc wizard hits you but does no damage.
Your orc priest zombie completely misses the orc wizard.
Joseph hits you with a +0 quarterstaff!
You die...
Your body rises from the dead as a mindless zombie.

#########
#.@@....#
#.o.....#
#.)Z#+#..# #.#.
#.## #... #.##
.... #..# ##..#
##.############
...
#.............
#.#....#######


You could see Joseph (ally target), an orc wizard and a friendly orc priest
zombie.

Vanquished Creatures
  Sigmund (D:6)
  A black bear (D:5)
  An ogre (D:5)
  3 bullfrogs
  A necrophage (D:6)
  2 scorpions (D:5)
  4 wights
  A howler monkey (D:5)
  2 orc priests
  7 hounds
  3 iguanas
  3 orc wizards
  6 adders
  12 gnolls
  A white imp (D:7)
  2 ufetubi
  A worm (D:4)
  4 dart slugs
  22 orcs
  4 ball pythons
  5 endoplasms
  4 giant cockroaches
  5 hobgoblins
  8 jackals
  2 quokkas
  9 bats
  3 frilled lizards
  6 goblins
  9 kobolds
  4 rats
136 creatures vanquished.

Vanquished Creatures (collateral kills)
  An ice beast (D:5)
  A hound (D:5)
  4 orcs
6 creatures vanquished.

Vanquished Creatures (others)
  An iguana zombie (D:5)
  2 adder zombies
  9 orc zombies
12 creatures vanquished.

Grand Total: 154 creatures vanquished

Notes
Turn   | Place    | Note
-------+----------+-------------------------------------------
     0 | D:1      | 4FPSwarrior the Demonspawn Hedge Wizard began the quest for
                  | the Orb.
     0 | D:1      | Reached XP level 1. HP: 13/13 MP: 4/4
   619 | D:1      | Gained mutation: You are partially covered in yellow
                  | scales. (AC +2) [demonic ancestry]
   619 | D:1      | Reached XP level 2. HP: 20/20 MP: 3/6
  1002 | D:1      | Reached skill level 1 in Fighting
  1503 | D:2      | Reached XP level 3. HP: 26/26 MP: 4/7
  1717 | D:2      | Learned a level 2 spell: Sublimation of Blood
  2647 | D:2      | Reached XP level 4. HP: 31/33 MP: 0/9
  3013 | D:3      | Reached skill level 1 in Necromancy
  3047 | D:3      | Reached skill level 2 in Fighting
  3634 | D:3      | Gained mutation: A meltable shield of frost defends you.
                  | (SH +4) [demonic ancestry]
  3634 | D:3      | Reached XP level 5. HP: 39/39 MP: 4/10
  3727 | D:3      | Found a shimmering blue altar of Sif Muna.
  4294 | D:3      | Reached skill level 3 in Fighting
  4417 | D:4      | Gained mutation: You have large cloven feet. [demonic
                  | ancestry]
  4417 | D:4      | Reached XP level 6. HP: 17/47 MP: 4/11
  5484 | D:4      | Found a snail-covered altar of Cheibriados.
  5924 | D:4      | Found a radiant altar of Vehumet.
  6168 | D:5      | Entered Level 5 of the Dungeon
  6370 | D:5      | Found a staircase to the Ecumenical Temple.
  6527 | D:5      | Noticed an ice beast
  6721 | Temple   | Entered the Ecumenical Temple
  6907 | Temple   | Became a worshipper of Yredelemnul the Dark
  7350 | D:5      | Reached skill level 4 in Fighting
  7350 | D:5      | Gained mutation: You are mostly covered in yellow scales.
                  | (AC +3) [demonic ancestry]
  7350 | D:5      | Reached XP level 7. HP: 39/54 MP: 0/13
  7807 | D:5      | Reached skill level 1 in Invocations
  7893 | D:5      | Reached skill level 1 in Long Blades
  7980 | D:5      | Reached * piety under Yredelemnul
  8165 | D:5      | Learned a level 3 spell: Mephitic Cloud
  8402 | D:5      | Reached ** piety under Yredelemnul
  8515 | D:5      | Reached skill level 5 in Fighting
  8666 | D:6      | Noticed Sigmund
  8724 | D:5      | Gained mutation: You have hoof-like feet. [demonic
                  | ancestry]
  8724 | D:5      | Reached XP level 8. HP: 62/62 MP: 10/14
  9197 | D:5      | Reached skill level 5 in Conjurations
  9750 | D:6      | Found a runed translucent door.
  9751 | D:6      | Noticed Crazy Yiuf
 10037 | D:6      | Found Siopni's Tremendous Tomes.
 10104 | D:6      | Found a sacrificial altar of Ru.
 10352 | D:6      | Killed Sigmund
 10353 | D:6      | Reached skill level 6 in Fighting
 11402 | D:7      | Noticed Joseph
 11406 | D:7      | Paralysed by Joseph for 5 turns
 11414 | D:7      | Paralysed by Joseph for 4 turns
 11427 | D:7      | Slain by Joseph

Illustrated notes

Levels and vault maps discovered:
D:1:      lightli_iron_boxes, layout_basic
D:2:      layout_rooms, basic_altar
D:3:      layout_rooms, led_sif_pool
D:4:      layout_layer_cave, amcnicky_altar_gilded, old_standard_altar,
          chequers_serial_rivers_large_a
D:5:      layout_loops_ring, minmay_temple_entry_fiery, hangedman_decor_points
D:6:      layout_basic, nicolae_ru_awakened_eye, nicolae_shop_i_like_big_books,
          uniq_sigmund, uniq_crazy_yiuf_cottage
D:7:      layout_basic, mainiacjoe_overflow_surrounded_room,
          grunt_ministairs_13, minmay_manual_maat, uniq_joseph
Temple:   nicolae_temple_slightly_damp_pantheon

Skill      XL: |  1  2  3  4  5  6  7  8 |
---------------+-------------------------+-----
Conjurations   | 2 3 4 5 |  5.0
Fighting       | 1 2 3 4 5 6 |  6.6
Necromancy     | 1 2 3 4 |  4.7
Spellcasting   | 4 |  4.2
Invocations    | 2 4 |  4.6
Long Blades    | 1 3 |  3.2
Dodging        | |  1.7
Stealth        | |  1.8
Summonings     | |  1.0
Translocations | |  0.9

Action                   |  1- 3 |  4- 6 |  7- 9 || total
-------------------------+-------+-------+-------++-------
Melee: Dagger            |     8 |     2 |       ||    10
       Long sword        |       |    40 |    55 ||    95
       Kick              |       |     5 |    16 ||    21
       Punch             |       |     1 |     1 ||     2
 Cast: Magic Dart        |   124 |   245 |   173 ||   542
       Sublimation of Bl |       |     1 |     1 ||     2
Invok: Recall Undead Har |       |       |     2 ||     2
Evoke: Wand              |       |       |    13 ||    13
  Use: Scroll            |       |     5 |     3 ||     8
       Potion            |       |     1 |     4 ||     5
Armor: Robe              |    26 |    45 |    57 ||   128
Dodge: Dodged            |    58 |    60 |   139 ||   257
Block: Other             |       |    17 |    32 ||    49
